 Dungeon Crawl Stone Soup version 0.30-a0-377-g5cb311bc9f (webtiles) character file.

Game seed: 6703563598627840868

151 PyroL the Grave Robber (level 5, -3/35 HPs)
             Began as a Demonspawn Necromancer on Nov 29, 2022.
             Slain by Sigmund
             ... wielding a +0 scythe
              (7 damage)
             ... on level 3 of the Dungeon.
             The game lasted 00:06:03 (2389 turns).

PyroL the Grave Robber (Demonspawn Necromancer)     Turns: 2389, Time: 00:06:03

Health: -3/35      AC:  2    Str:  9    XL:     5   Next: 11%
Magic:  5/9        EV: 12    Int: 24    God:
Gold:   112        SH:  0    Dex: 13    Spells: 2/10 levels left

rFire   . . .      SeeInvis .    d - +0 dagger
rCold   . . .      Faith    .    (no shield)
rNeg    . . .      Spirit   .    a - +0 robe
rPois   .          Reflect  .    (no helmet)
rElec   .          Harm     .    (no cloak)
rCorr   .          Rampage  .    (no gloves)
Will    .....                    (no boots)
Stlth   ++........               (no amulet)
HPRegen 0.25/turn                e - +6 ring of intelligence
MPRegen 0.11/turn                (no ring)

@: animating dead
A: foul stench 1, demonic magic 1, demonic touch 1
a: no special abilities


You were on level 3 of the Dungeon.
You visited 1 branch of the dungeon, and saw 3 of its levels.

You collected 112 gold pieces.

Inventory:

Hand Weapons
 d - a +0 dagger (weapon)
Armour
 a - a +0 robe (worn)
Jewellery
 e - a +6 ring of intelligence (left hand)
Scrolls
 c - a scroll of fear {unknown}
 f - 2 scrolls of teleportation {unknown}
 g - a scroll of torment {unknown}
 i - a scroll of immolation {unknown}
 j - a scroll of noise {unknown}
 k - a scroll of magic mapping {unknown}
Potions
 b - a potion of magic
 h - a potion of berserk rage {unknown}


   Skills:
 - Level 1.7 Dodging
 - Level 1.7 Stealth
 + Level 3.2 Spellcasting
 * Level 6.3 Necromancy


You had 2 spell levels left.
You knew the following spells:

 Your Spells              Type           Power      Damage    Failure   Level
a - Necrotise             Necr           100%       1d9       1%          1
b - Vampiric Draining     Necr           34%        2d8       2%          3
c - Animate Dead          Necr           34%        N/A       8%          4

Your spell library contained the following spells:

 Spells                   Type           Power      Damage    Failure   Level
 Agony                    Necr           34%        N/A       22%         5


Dungeon Overview and Level Annotations

Branches:
Dungeon (3/15)

Altars:
Ru

Shops:
D:1 (

Annotations:
D:3 Sigmund


Innate Abilities, Weirdness & Mutations

You may rarely emit foul miasma when damaged in melee.
Spells you cast may paralyse adjacent enemies.
Your touch may inflict minor irresistible damage on your foes.


Message History

Your ball python skeleton is destroyed!
You barely miss the kobold.
The kobold is heavily wounded.
Something barely misses you. The kobold barely misses you.
You hit the kobold but do no damage.
The kobold is heavily wounded.
The kobold closely misses you.
The kobold writhes in agony.
You kill the kobold!
Malevolent energies surge around you.
The dead are walking!
Something hits you! Something barely misses you.
You start resting.
Something hits you.
Your kobold zombie barely misses something.
You hear the slow rusting of a very distant drain.
You start resting.
Something hits you.
You closely miss something. Your touch misses something.
You hit something but do no damage. Your touch misses something.
You hear some strange, mumbled words.
Something tries to affect you, but you resist.
You hit something. Something hits you.
You hit something but do no damage.
Your kobold zombie hits something but does no damage.
You hear some strange, mumbled words.
You are confused.
You bump into the rock wall.
Your kobold zombie barely misses something.
Something hits you!
* * * LOW HITPOINT WARNING * * *
Sorry, you're not good enough to have a special ability.
You're too confused to cast spells.
You miss something.
Your kobold zombie closely misses something.
Something hits you.
* * * LOW HITPOINT WARNING * * *
You bump into the rock wall.
You feel less confused. Something hits you!
You die...

#.# #.# #.###
#####...#
#.......#########.#
+.......'.........#
#.###........###
#.##.#######.##
#.#.#..~~~..#@##
#.[#..~...~..#.##
#.#...~._.~...#.#
####..#..~...~..#.####
.....>.#..~~~..#.Z...#
####..†.#######.####)#
#.....<#........ #.#
...##..#.#.###. .Z# #.
....# # # ## ###


There were no monsters in sight!

Vanquished Creatures
  Natasha (twice) (D:2)
  Robin (D:2)
  A gnoll (D:1)
  2 adders (D:2)
  4 worms
  3 ball pythons
  2 endoplasms (D:1)
  A giant cockroach (D:2)
  13 goblins
  4 hobgoblins (D:2)
  4 kobolds
  2 quokkas
  5 frilled lizards
  11 rats
55 creatures vanquished.

Vanquished Creatures (others)
  A felid zombie (D:2)
  A goblin zombie (D:2)
  A quokka zombie (D:2)
3 creatures vanquished.

Grand Total: 58 creatures vanquished

Notes
Turn   | Place    | Note
-------+----------+-------------------------------------------
     0 | D:1      | PyroL the Demonspawn Necromancer began the quest for the
                  | Orb.
     0 | D:1      | Reached XP level 1. HP: 13/13 MP: 3/3
   333 | D:1      | Gained mutation: You may rarely emit foul miasma when
                  | damaged in melee. [demonic ancestry]
   333 | D:1      | Reached XP level 2. HP: 19/19 MP: 3/5
   364 | D:1      | Reached skill level 5 in Necromancy
   455 | D:1      | Found Atresaf's Antique Weapon Boutique.
  1138 | D:2      | Reached XP level 3. HP: 24/24 MP: 1/6
  1277 | D:2      | Noticed Robin
  1368 | D:2      | Killed Robin
  1518 | D:2      | Gained mutation: Spells you cast may paralyse adjacent
                  | enemies. [demonic ancestry]
  1518 | D:2      | Reached XP level 4. HP: 13/30 MP: 2/8
  1689 | D:2      | Learned a level 3 spell: Vampiric Draining
  1694 | D:2      | Learned a level 4 spell: Animate Dead
  1808 | D:2      | Noticed Natasha
  1817 | D:2      | Killed Natasha
  1910 | D:2      | Your ally Natasha died
  1912 | D:2      | Reached skill level 6 in Necromancy
  1963 | D:2      | Noticed Natasha
  1969 | D:2      | Killed Natasha
  2185 | D:2      | Gained mutation: Your touch may inflict minor irresistible
                  | damage on your foes. [demonic ancestry]
  2185 | D:2      | Reached XP level 5. HP: 33/35 MP: 6/9
  2276 | D:3      | Found a sacrificial altar of Ru.
  2366 | D:3      | Noticed Sigmund
  2389 | D:3      | Slain by Sigmund

Illustrated notes

Levels and vault maps discovered:
D:1:      scummos_arrival_forest, layout_basic, serial_shops,
          nicolae_shop_overgrown_old_shop
D:2:      layout_loops_ring, minmay_rat_gold_closets, uniq_robin, uniq_natasha
D:3:      layout_basic, mainiacjoe_overflow_24_doors, nicolae_ru_awakened_eye,
          gup_sewer_entry_bowl, uniq_sigmund

Skill      XL: |  1  2  3  4 |
---------------+-------------+-----
Necromancy     | 5 6 |  6.3
Spellcasting   | 3 |  3.2
Dodging        | |  1.7
Stealth        | |  1.7

Action                   |  1- 3 |  4- 6 || total
-------------------------+-------+-------++-------
Melee: Dagger            |    29 |    18 ||    47
       Punch             |       |     1 ||     1
 Cast: Necrotise         |    46 |    36 ||    82
       Animate Dead      |       |     2 ||     2
       Vampiric Draining |       |     1 ||     1
 Stab: Sleeping          |     4 |       ||     4
       Paralysed         |       |     2 ||     2
Armor: Robe              |     5 |     2 ||     7
Dodge: Dodged            |    13 |     9 ||    22

Table legend: (Time is in decaauts)
 A = Elapsed time spent in this place.
 B = Non-inter-level travel time spent in this place.
 C = Inter-level travel time spent in this place.
 D = Time resting spent in this place.
 E = Time spent auto-exploring this place.
 F = Levels seen in this place.
 G = Mean time per level.
                   A        B        C        D        E       F      G
               +--------+--------+--------+--------+--------+-----+--------+
         Total |   2387 |   2334 |     53 |     93 |   1871 |   3 |  795.7 |
       Dungeon |   2387 |   2334 |     53 |     93 |   1871 |   3 |  795.7 |
               +--------+--------+--------+--------+--------+-----+--------+

Top non-repeatable levels by time:
     D:2: 1195 daAuts
     D:1: 1079 daAuts
     D:3: 112 daAuts
